 Dungeon Crawl Stone Soup version 0.23-a0-447-g7b583b2 (webtiles) character file.

96 Spazmo the Magician (level 4, -6/24 HPs)
             Began as a Deep Elf Fire Elementalist on Nov 19, 2018.
             Mangled by a gnoll
             ... wielding a +0 spear
              (9 damage)
             ... on level 2 of the Dungeon.
             The game lasted 00:15:50 (2025 turns).

Spazmo the Magician (Deep Elf Fire Elementalist)    Turns: 2025, Time: 00:15:50

Health: -6/24      AC:  2    Str:  5    XL:     4   Next: 41%
Magic:  8/12       EV: 13    Int: 21    God:
Gold:   52         SH:  0    Dex: 15    Spells: 1/11 levels left

rFire    . . .     SeeInvis .   b - +0 short sword
rCold    . . .     Gourm    .   (no shield)
rNeg     . . .     Faith    .   a - +0 robe
rPois    .         Spirit   .   (no helmet)
rElec    .         Reflect  .   (no cloak)
rCorr    .         Harm     .   (no gloves)
MR       .....                  (no boots)
Stlth    ++........             (no amulet)
HPRegen  0.08/turn              (no ring)
MPRegen  0.13/turn              (no ring)

@: no status effects
A: no striking features
a: no special abilities


You were on level 2 of the Dungeon.
You were not hungry.

You visited 1 branch of the dungeon, and saw 2 of its levels.

You collected 52 gold pieces.

Inventory:

Hand Weapons
 b - a +0 short sword (weapon)
Missiles
 d - 37 stones (quivered)
Armour
 a - a +0 robe (worn)
Scrolls
 e - a scroll of magic mapping {unknown}
 f - 3 scrolls of teleportation {unknown}
 h - a scroll of identify {unknown}
Potions
 i - 2 potions of might {unknown}
Comestibles
 c - 2 rations


   Skills:
 - Level 2.5 Dodging
 - Level 2.5 Stealth
 + Level 4.3 Spellcasting
 + Level 2.8 Conjurations
 + Level 4.2 Fire Magic


You had one spell level left.
You knew the following spells:

 Your Spells              Type           Power        Failure   Level  Hunger
a - Flame Tongue          Conj/Fire      ###..        2%          1    None
b - Throw Flame           Conj/Fire      ###...       4%          2    #......
c - Conjure Flame         Conj/Fire      ###.....     9%          3    ##.....
d - Sticky Flame          Conj/Fire      ###.....     26%         4    ####...

Your spell library contained the following spells:

 Spells                   Type           Power        Failure   Level  Hunger
 Inner Flame              Hex/Fire       ##......     14%         3    ##.....
 Fireball                 Conj/Fire      ###.......   58%         5    ######.


Dungeon Overview and Level Annotations

Branches:
Dungeon (2/15)

Altars:
Dithmenos


Message History

Magic restored.
You start resting.
Eating a chunk of flesh.
You eat the chunk of flesh.
This raw flesh tastes terrible.
HP restored.
You climb downwards.
The gnoll hits you with a +0 spear! The gnoll misses you.
There is a stone staircase leading up, spattered with blood here.
Casting: Throw Flame (safe; 4% risk of failure)
Confirm with . or Enter, or press ? or * to list all spells.
Aiming: Sticky Flame (quite dangerous; 26% risk of failure)
Press: ? - help, Shift-Dir - straight line, f - gnoll
Aim: a gnoll, wielding a +0 spear The sticky flame hits the gnoll.
The gnoll is lightly wounded.
The gnoll is covered in liquid flames!
The gnoll burns!
The gnoll hits you with a +0 spear!
* * * LOW HITPOINT WARNING * * *
The gnoll burns!
The gnoll hits you from afar with a +0 spear!
You die...

#....#........)....... ....
#.................#+###+#..
###....#.......####.#.# #.#..
#......+.......÷....#.###.#..
#.#....########.....#.#...#..
#.#...........#.###.#.#.#.#..
#.#.............# #.#.#.#.#.#
#.#....######.#####.#.#......
#.#.......g<@................
#.#....####.#.#####...÷......
#.#....##..)#.# #..........
#.####.##.###.# #......##..
#.# #.##.# #.# ###....##.#
#.# #.##.# #.# #....##.# #.#
#.##.# #.# ###.###.# #.#
#.##.###.# #.# #.# #.#
#.##.....# ... ..#


You could see a gnoll (burning).

Vanquished Creatures
  2 adders (D:2)
  3 gnolls
  An ooze (D:2)
  2 dart slugs (D:1)
  A leopard gecko (D:1)
  2 giant cockroaches (D:1)
  4 goblins (D:1)
  4 hobgoblins
  2 jackals (D:1)
  2 ball pythons
  4 bats
  3 frilled lizards (D:1)
  7 kobolds
  9 rats
46 creatures vanquished.

Notes
Turn   | Place    | Note
-------+----------+-------------------------------------------
     0 | D:1      | Spazmo the Deep Elf Fire Elementalist began the quest for
                  | the Orb.
     0 | D:1      | Reached XP level 1. HP: 10/10 MP: 6/6
   142 | D:1      | Reached XP level 2. HP: 13/15 MP: 0/8
   146 | D:1      | Learned a level 2 spell: Throw Flame
   693 | D:1      | Reached XP level 3. HP: 19/19 MP: 7/10
   698 | D:1      | Learned a level 3 spell: Conjure Flame
  1276 | D:2      | Found a shadowy altar of Dithmenos.
  1337 | D:2      | Reached XP level 4. HP: 23/24 MP: 7/12
  1343 | D:2      | Learned a level 4 spell: Sticky Flame
  2025 | D:2      | Mangled by a gnoll

Vault maps used:
D:1:      lightli_arrival_boilingwater, serial_forest,
          infiniplex_forest_clump_tiny, infiniplex_forest_clump_small,
          infiniplex_forest_lined_corner, infiniplex_forest_clump_small,
          infiniplex_forest_clump_curved, infiniplex_forest_straight_1,
          infiniplex_forest_clump_small, infiniplex_forest_lined_room_,
          chequers_decorated_corner
D:2:      grunt_dithmenos_smoke_and_mirrors, lemuel_zombie_altar_kikubaaqudgha

Skill      XL: |  1  2  3 |
---------------+----------+-----
Conjurations   | 2 |  2.8
Fire Magic     | 4 |  4.2
Spellcasting   | 4 |  4.3
Dodging        | |  2.5
Stealth        | |  2.5

Action                   |  1- 3 |  4- 6 || total
-------------------------+-------+-------++-------
Throw: Stone             |     4 |       ||     4
 Cast: Flame Tongue      |    76 |     5 ||    81
       Throw Flame       |     3 |     2 ||     5
       Sticky Flame      |       |     3 ||     3
       Conjure Flame     |       |     1 ||     1
  Eat: Chunk             |     1 |     3 ||     4
Armor: Robe              |     1 |     2 ||     3
Dodge: Dodged            |     4 |    11 ||    15

Table legend:
 A = Non-vault XP
 B = Vault XP
 C = Vault XP percentage of total XP
 D = Non-vault monster count
 E = Vault monster count
 F = Vault count percentage of total count
                 A         B        C        D         E       F
            +---------+---------+-------+---------+---------+-------
      Total |     138 |       0 |   0.0 |      46 |       0 |   0.0
            +---------+---------+-------+---------+---------+-------
        D:1 |      82 |       0 |   0.0 |      36 |       0 |   0.0
        D:2 |      56 |       0 |   0.0 |      10 |       0 |   0.0
            +---------+---------+-------+---------+---------+-------
